[Event "Late-Titled-Tuesday-Blitz-April-16-2024"]
[Site "Chess.com"]
[Date "2024.04.16"]
[Round "1"]
[White "EddieMarsalla"]
[Black "rionelG"]
[Result "1-0"]
[WhiteElo "2559"]
[BlackElo "2188"]
[TimeControl "180+1"]
[EndTime "14:07:38 PDT"]
[Termination "EddieMarsalla won on time"]

1. d4 d5 2. Bg5 c5 3. c3 Nc6 4. e3 h6 5. Bh4 Qb6 6. Qb3 e6 7. Nf3 c4 8. Qc2 Bd6 9. Nbd2 Nge7 10.
e4 Ng6 11. e5 Nxh4 12. Nxh4 Be7 13. Nhf3 Qc7 14. Be2 Rb8 15. O-O O-O 16. Ne1 f6 17. f4 f5 18. g4 Nd8 19. gxf5 exf5 20. Bf3 Be6 21. Ng2 b5 22. Ne3 Qd7 23. Kh1 b4 24. Rg1 Kh8 25. Rg6 bxc3 26. bxc3 Ba3 27. Rb1 Rxb1+ 28. Qxb1 Nc6 29. Ndxc4 Rb8 30. Qf1 Bf7 31.
Nxa3 Bxg6 32. Bxd5 Ne7 33. Bf3 Bf7 34. Nac4 Qa4 35.
Nd6 Bg8 36. Qe2 Qa3 37. Nb5 Qc1+ 38. Kg2 a6 39. d5 axb5 40. d6 Nc8 41. Qd3 Nb6 42. Kg3 Nc4 43. Nxf5 Nd2 44. Bg2 1-0

[Event "Late-Titled-Tuesday-Blitz-April-16-2024"]
[Site "Chess.com"]
[Date "2024.04.16"]
[Round "1"]
[White "egnfanclub"]
[Black "StellarChess"]
[Result "1/2-1/2"]
[WhiteElo "2372"]
[BlackElo "2669"]
[TimeControl "180+1"]
[EndTime "14:07:39 PDT"]
[Termination "Game drawn by repetition"]

1. e4 a6 2. c4 c6 3. Nc3 e5 4. d4 d6 5. Nf3 exd4 6. Nxd4 Nf6 7. Bd3 Be7 8. O-O O-O 9. Qf3 Nbd7 10. Nf5 Ne5 11.
Nxe7+ Qxe7 12. Qe2 Nxd3 13. Qxd3 Re8 14. f3 b5 15. Bg5 h6 16. Bh4 g5 17. Bg3 Be6 18. b3 Red8 19. Rfd1 Ne8 20. Ne2 Qa7+ 21. Bf2 Qe7 22. Nd4 Bd7 23. Nf5 Bxf5 24. exf5 bxc4 25. Qxc4 c5 26. Re1 Qd7 27. g4 Qc6 28. Qc3 Rac8 29. h4 d5 30. hxg5 hxg5 31. Qe3 Qf6 32. Bg3 d4 33.
Qe2 d3 34. Qe3 Qd4 35. Bf2 Qxe3 36. Bxe3 f6 37. Red1 c4 38. bxc4 Rxc4 39. Rac1 Rxc1 40. Rxc1 Rb8 41. Bd4 Rd8 42. Be3 Rb8 43. Bd4 Rb4 44. Bc3 Ra4 45. Rd1 Rxa2 46. Rxd3 Ra3 47. Kf2 a5 48.
Ke2 a4 49. Bb4 Ra2+ 50. Ke3 Ra1 51. Kd4 Rb1 52. Kc4 Rb2 53. Rd8 Kf7 54. Rd7+ Kg8 55. Ra7 Rf2 56. Re7 Ng7 57. Re3 Rb2 58. Ra3 Rf2 59.
Rxa4 Rxf3 60. Bd6 Re3 61. Kd5 Kf7 62. Ra7+ Kg8 63. Ra8+ Kf7 64. Ra7+ Kg8 65. Ra8+ Kh7 66. Ra7 Kg8 1/2-1/2

[Event "Late-Titled-Tuesday-Blitz-April-16-2024"]
[Site "Chess.com"]
[Date "2024.04.16"]
[Round "1"]
[White "Smiechu"]
[Black "Romkachess"]
[Result "0-1"]
[WhiteElo "2382"]
[BlackElo "2693"]
[TimeControl "180+1"]
[EndTime "14:07:40 PDT"]
[Termination "Romkachess won by resignation"]

1. e4 c5 2. Nf3 d6 3. d4 cxd4 4. Nxd4 Nf6 5. Nc3 a6 6. Be3 e5 7. Nb3 Be6 8. Qd2 Nbd7 9. O-O-O Rc8 10. f4 Qc7 11. f5 Bc4 12. g4 b5 13. g5 b4 14. gxf6 bxc3 15. Qxc3 Nxf6 16. Bd3 d5 17. exd5 Bxd5 18. Bxa6 Qxc3 19. bxc3 Rxc3 20. Rxd5 Nxd5 21. Bb5+ Ke7 22. Bd2 Rc8 23. c4 Kf6 24. Kb2 Nf4 25. a4 Nd3+ 26. Kc2 Nc5 27. Bb4 Nxb3 28. Kxb3 Bxb4 29.
Kxb4 e4 30. a5 Kxf5 31. a6 Ke5 32. c5 e3 33. a7 f5 34. Ra1 f4 35. Ba6 Ra8 36. Bb7 g5 37. Bxa8 Rxa8 38. c6 f3 39. Kb5 e2 40. Kb6 f2 41. Kb7 Rf8 42. c7 e1=Q 43.
Rxe1+ fxe1=Q 44. c8=Q Qb4+ 45. Ka6 Qa4+ 46. Kb6 Rxc8 0-1

[Event "Late-Titled-Tuesday-Blitz-April-16-2024"]
[Site "Chess.com"]
[Date "2024.04.16"]
[Round "1"]
[White "Tugrik1969"]
[Black "TigrVShlyape"]
[Result "0-1"]
[WhiteElo "2501"]
[BlackElo "2941"]
[TimeControl "180+1"]
[EndTime "14:07:41 PDT"]
[Termination "TigrVShlyape won on time"]

1. d4 f5 2. g3 Nf6 3. Bg2 g6 4.
Nf3 Bg7 5. O-O d6 6. c4 O-O 7. Nc3 c6 8. Rb1 a5 9. Qb3 Kh8 10. Rd1 Na6 11. c5 Nc7 12. Ng5 d5 13. Bf4 Ne4 14.
Nf3 Ne6 15. Be5 Bf6 16. Na4 g5 17. Nb6 Ra6 18. e3 g4 19. Bxf6+ exf6 20. Nd2 N4xc5 21. dxc5 Nxc5 22. Qa3 Qxb6 23. Nb3 Ne6 24. Nd4 Qb4 25. Nxf5 Ng5 26. Nd6 Rd8 27. Nxc8 Rxc8 28. Qd3 Re8 29. a3 Qe7 30. b4 axb4 31. axb4 Qe5 32. b5 Ra2 33.
bxc6 bxc6 34. Rb7 Ra1 35. Rdb1 Rxb1+ 36. Qxb1 Ra8 37. Rb2 Kg7 38. Ra2 Rxa2 39. Qxa2 Nf7 40. h3 h5 41. hxg4 hxg4 42. Qc2 Qe6 43. Qd1 Ne5 44.
Qc2 f5 45. Kf1 Kf6 46. Kg1 Qd6 47. Kf1 Qb4 48. Kg1 Qe1+ 49. Bf1 Qd2 50. Qb1 d4 51. Qb6 dxe3 0-1

[Event "Late-Titled-Tuesday-Blitz-April-16-2024"]
[Site "Chess.com"]
[Date "2024.04.16"]
[Round "1"]
[White "Schattman"]
[Black "Kiborg95"]
[Result "1/2-1/2"]
[WhiteElo "2478"]
[BlackElo "2850"]
[TimeControl "180+1"]
[EndTime "14:07:41 PDT"]
[Termination "Game drawn by repetition"]

1. d4 d6 2. Bf4 Nd7 3. Nf3 Ngf6 4. Nc3 c6 5. Qd2 Qc7 6. h3 b5 7.
a3 Bb7 8. e3 e5 9. dxe5 dxe5 10. Bh2 Be7 11. Be2 O-O 12. O-O a5 13. Ng5 Rad8 14.
Qe1 Nc5 15. Bf3 Bd6 16. Nge4 Ncxe4 17. Nxe4 Nxe4 18. Bxe4 f5 19. Bf3 e4 20. Bxd6 Rxd6 21.
Be2 Rfd8 22. Rd1 Qb6 23. Qc3 g6 24. Rxd6 Rxd6 25. Rd1 Rxd1+ 26. Bxd1 c5 27. Qe5 a4 28. c3 Qc6 29. Be2 c4 30. Qb8+ Kf7 31. Qe5 Bc8 32. g3 Bd7 33. h4 Be8 34. Qh8 h5 35. Qe5 Qd7 36. Bf1 Qd2 37. Qc7+ Bd7 38. Qa7 Ke8 39. Qb8+ Ke7 40. Qe5+ Be6 41. Qc7+ Kf6 42. Qc5 Qxb2 43. Qf8+ Bf7 44. Qd6+ Kg7 45. Qe5+ Kg8 46. Qb8+ Kh7 47. Qc7 Kg7 48. Qe5+ Kf8 49. Qb8+ Ke7 50. Qc7+ Kf6 51.
Qd6+ Be6 52. Qf8+ Ke5 53. Qc5+ Kf6 54. Qf8+ 1/2-1/2

[Event "Late-Titled-Tuesday-Blitz-April-16-2024"]
[Site "Chess.com"]
[Date "2024.04.16"]
[Round "1"]
[White "Yonousomodulo"]
[Black "Vladimir_2020"]
[Result "1-0"]
[WhiteElo "2443"]
[BlackElo "2758"]
[TimeControl "180+1"]
[EndTime "14:07:42 PDT"]
[Termination "Yonousomodulo won on time"]

1. c4 e6 2. g3 d5 3. Bg2 Nf6 4. Nf3 Be7 5. O-O O-O 6. d4 a6 7. Nbd2 c5 8. cxd5 Nxd5 9. e4 Nb6 10. dxc5 Bxc5 11. b3 Nc6 12. Bb2 Qe7 13. a3 Bd7 14. b4 Bd6 15. Rc1 Rad8 16. Qe2 e5 17. Rfd1 Be6 18.
h4 f6 19. Kh2 Qf7 20. Bh3 Bxh3 21. Kxh3 Be7 22. Kg2 Rd7 23. h5 Qxh5 24. Rh1 Qf7 25. Nh4 Rfd8 26. Ndf3 g6 27. Ba1 Bf8 28. Rh2 Na8 29.
Rch1 Nc7 30. Nxg6 Qxg6 31. Nh4 Qg5 32. Nf5 Qg6 33. Rh4 Kh8 34. Rg4 Qf7 35. Rgh4 Ne6 36. Bc3 Ncd4 37. Bxd4 Nxd4 38. Qg4 Nxf5 39. Qxf5 Rc7 40.
Rg4 Rc6 41. Rgh4 Rd7 42. g4 1-0

[Event "Late-Titled-Tuesday-Blitz-April-16-2024"]
[Site "Chess.com"]
[Date "2024.04.16"]
[Round "1"]
[White "wadsy27"]
[Black "BenchGM"]
[Result "1-0"]
[WhiteElo "2616"]
[BlackElo "2307"]
[TimeControl "180+1"]
[EndTime "14:07:42 PDT"]
[Termination "wadsy27 won on time"]

1. Nf3 Nf6 2. e3 d5 3. c4 e6 4. Nc3 Be7 5. b3 c5 6. cxd5 Nxd5 7. Bb2 O-O 8. Nxd5 Qxd5 9. h4 Nc6 10. Qb1 Rd8 11.
Bc4 Qd6 12. Qc2 Nb4 13. Qe4 Nd3+ 14. Bxd3 Qxd3 15. Qxd3 Rxd3 16. Ke2 Rd5 17. Rhd1 b6 18. d3 f6 19. a3 Ba6 20. Ne1 Rad8 21. b4 e5 22. e4 R5d7 23. Bc3 c4 24. Rd2 cxd3+ 25.
Ke3 g6 26. Rad1 Bf8 27. g3 Bh6+ 28. f4 g5 29. hxg5 fxg5 30. Bxe5 gxf4+ 31. gxf4 Re8 32. Nxd3 Bxd3 33. Rxd3 Rxd3+ 34. Kxd3 Rd8+ 35. Ke2 Rxd1 36. Kxd1 Kf7 37. Ke2 Bf8 38. Kf3 a5 39. bxa5 bxa5 40. a4 Bb4 41. Bc7 Ke6 42. f5+ Kf6 43. Kg4 Bc3 44. Bf4 Kf7 45. e5 Ke7 46.
e6 Bf6 47. Bc7 Bc3 48. Kf4 Bd2+ 49. Ke4 h5 50. Be5 h4 51. Kd5 h3 52. f6+ Ke8 53. f7+ Kf8 54. Bd6+ 1-0

[Event "Late-Titled-Tuesday-Blitz-April-16-2024"]
[Site "Chess.com"]
[Date "2024.04.16"]
[Round "1"]
[White "jlf287"]
[Black "katharinareinecke"]
[Result "1-0"]
[WhiteElo "2544"]
[BlackElo "2010"]
[TimeControl "180+1"]
[EndTime "14:07:42 PDT"]
[Termination "jlf287 won by resignation"]

1. e4 c6 2. d4 d5 3. exd5 cxd5 4.
Bd3 Nc6 5. c3 Qc7 6. Nf3 Bg4 7.
O-O Nf6 8. Re1 e6 9. Nbd2 Be7 10. Nf1 O-O 11. h3 Bh5 12. Ng3 Bg6 13. Bxg6 hxg6 14.
Bg5 b5 15. a3 a5 16. Ne5 b4 17.
axb4 axb4 18. Qf3 Nxe5 19. dxe5 Nh7 20. Bxe7 Qxe7 21. Rxa8 Rxa8 22. c4 Rd8 23. Qe2 Qc5 24. Rc1 Qd4 25. c5 Rc8 26. c6 Nf8 27. Qa6 Rc7 28.
Qa5 Qxe5 29. Qxb4 Nd7 30. Qc3 Qxc3 31. Rxc3 Ne5 32. b4 Rxc6 33. Ra3 Rb6 34. Rb3 Nc6 35. b5 Nd4 36. Rd3 e5 37. f4 f6 38. fxe5 fxe5 39.
Nf1 Rxb5 40. Ne3 Rb1+ 41. Kh2 Rb5 42. Ng4 e4 43. Rxd4 Kf7 44. Kg3 Ke6 45. Kf4 Rc5 46. Ne3 Rb5 47. h4 Rb2 48. Rxd5 Re2 49. Re5+ Kd6 50. Rxe4 Kc6 51. Re6+ Kd7 52. Rxg6 Ke7 53. Rxg7+ Kf6 54. Rg5 Kf7 55. Ng4 Rxg2 56. Ne5+ 1-0

[Event "Late-Titled-Tuesday-Blitz-April-16-2024"]
[Site "Chess.com"]
[Date "2024.04.16"]
[Round "1"]
[White "esrosenberg"]
[Black "volcanoexplorer"]
[Result "0-1"]
[WhiteElo "2345"]
[BlackElo "2645"]
[TimeControl "180+1"]
[EndTime "14:07:45 PDT"]
[Termination "volcanoexplorer won by resignation"]

1. d4 Nf6 2. Nf3 d5 3. g3 e6 4.
Bg2 b5 5. O-O Be7 6. a4 b4 7. c4 bxc3 8. Nxc3 O-O 9. Bf4 c5 10.
dxc5 Bxc5 11. Rc1 Na6 12. Nb5 Bd7 13. Ne5 Rc8 14. Bg5 h6 15. Bxf6 gxf6 16. Nxd7 Qxd7 17. Qd2 Kg7 18. Qf4 Bb6 19. Qg4+ Kh7 20. Rfd1 f5 21.
Qf4 Qe7 22. Rxc8 Rxc8 23. Nd6 Rd8 24. Nxf5 exf5 25. Qxf5+ Kg7 26. Rxd5 Qxe2 27. Rxd8 Qe1+ 28. Bf1 Bxd8 29. Kg2 Nc7 30. Bc4 Qe7 31. b3 Ne8 32. Qc8 Nd6 33. Qg4+ Kf8 34. Bd5 Bb6 35. f4 Qe3 36. Qd7 Qd2+ 37. Kh3 Qxd5 38. b4 Qf5+ 39. Qxf5 Nxf5 40. a5 Bd4 41. b5 Nd6 42. b6 a6 43. Kg4 Bc3 44. f5 Bxa5 45. b7 Nxb7 46.
Kh5 Bd2 47. g4 a5 48. h4 a4 49. g5 hxg5 50. hxg5 a3 51. g6 fxg6+ 52. Kxg6 a2 53. Kf6 a1=Q+ 54. Ke6 Qa6+ 55. Kd7 Qd6+ 56. Kc8 Bf4 57.
Kxb7 Qc7+ 58. Ka6 Qb8 59. Ka5 Bd2+ 60. Ka6 Qb4 61. f6 Be3 0-1

[Event "Late-Titled-Tuesday-Blitz-April-16-2024"]
[Site "Chess.com"]
[Date "2024.04.16"]
[Round "1"]
[White "Jagerrmeisterr"]
[Black "1g60-1"]
[Result "0-1"]
[WhiteElo "2738"]
[BlackElo "2433"]
[TimeControl "180+1"]
[EndTime "14:07:46 PDT"]
[Termination "1g60-1 won by resignation"]

1. e4 e6 2. d4 d5 3. Nd2 Nf6 4. e5 Nfd7 5. f4 c5 6. Ngf3 Nc6 7. Nb3 a5 8. a4 Qb6 9. c3 cxd4 10. cxd4 f6 11.
Bd3 Be7 12. exf6 Nxf6 13. O-O O-O 14. Kh1 Bd7 15. Be3 Be8 16. Ng5 Nb4 17. Nc5 Bxc5 18. dxc5 Qc6 19. Bb5 Qc8 20. Rc1 h6 21. Nf3 Ne4 22.
Ne5 Nc6 23. Bd4 Nxd4 24. Qxd4 Bxb5 25. axb5 Qe8 26. c6 bxc6 27. bxc6 Qh5 28. Kg1 Rac8 29. Rc2 Qf5 30. c7 Ng3 31. Rfc1 Rxc7 32. Qd2 Ne4 33.
Qe3 Rxc2 34. Rxc2 Qxf4 35. Qxf4 Rxf4 36. Rc6 Nd2 37. h3 Rf1+ 38. Kh2 Re1 39. Rxe6 h5 40. Kg3 Ne4+ 41. Kh4 Re2 42. g4 hxg4 43. Nxg4 g5+ 44. Kh5 Ng3+ 45. Kxg5 Rxe6 46. Kf4 Nh5+ 47. Kf5 Re2 48.
Kg5 Ng3 49. Nf6+ Kf7 50. Nxd5 Rxb2 51. Kf4 Ne2+ 52. Ke3 a4 53. Kd3 a3 0-1

[Event "Late-Titled-Tuesday-Blitz-April-16-2024"]
[Site "Chess.com"]
[Date "2024.04.16"]
[Round "1"]
[White "Attacker_2006"]
[Black "gmcorrales"]
[Result "0-1"]
[WhiteElo "2502"]
[BlackElo "2958"]
[TimeControl "180+1"]
[EndTime "14:07:47 PDT"]
[Termination "gmcorrales won on time"]

1. e4 c5 2. Nc3 Nc6 3. f4 g6 4.
Nf3 Bg7 5. Bc4 e6 6. f5 Nge7 7. fxe6 dxe6 8. d3 O-O 9. O-O h6 10. Qe1 Kh7 11. Qh4 f6 12. Be3 Nd4 13. Bxd4 cxd4 14. Ne2 e5 15. c3 dxc3 16. Nxc3 a6 17. Nd5 Nxd5 18. Bxd5 f5 19. Qxd8 Rxd8 20. Rfc1 Rb8 21.
Rc7 Bd7 22. Bxb7 f4 23. Bxa6 Rxb2 24. Bc4 g5 25. h3 Kg6 26. a4 Kf6 27. a5 Bf8 28. a6 Bd6 29. Rb7 Rxb7 30. axb7 Bc6 31. Ra8 Rxa8 32. bxa8=Q Bxa8 33. Kh2 Bc5 34. g3 h5 35.
gxf4 exf4 36. d4 Bb6 37. e5+ Kg6 38. d5 g4 39. hxg4 hxg4 40. Nh4+ Kg5 41. Ng2 f3 42.
Kg3 fxg2 43. Kxg2 Kf4 44. e6 Bc5 45. Kf1 g3 46. Kg2 Be7 47. Bb3 Bd6 48. Ba2 Bb7 49.
Bb3 Ba6 50. Bd1 Bd3 51. Kh3 Bf5+ 0-1

[Event "Late-Titled-Tuesday-Blitz-April-16-2024"]
[Site "Chess.com"]
[Date "2024.04.16"]
[Round "1"]
[White "PhileKhoob"]
[Black "ansko1999"]
[Result "1-0"]
[WhiteElo "2307"]
[BlackElo "2592"]
[TimeControl "180+1"]
[EndTime "14:07:47 PDT"]
[Termination "PhileKhoob won by checkmate"]

1. Nf3 b6 2. g3 Bb7 3. Bg2 Nf6 4. O-O g6 5. d4 Bg7 6. c4 O-O 7.
Nc3 Ne4 8. Qc2 Nxc3 9. bxc3 d6 10. e4 Nc6 11. a4 Na5 12. Nd2 c5 13. d5 Ba6 14. Qd3 Qd7 15. Bb2 e6 16. Rfd1 exd5 17.
Qxd5 Qe6 18. Rab1 Nxc4 19. Qxe6 fxe6 20. Nxc4 Bxc4 21. Rxd6 Rfd8 22. Rbd1 Rxd6 23. Rxd6 Bf8 24. Rd7 Bb3 25. Bh3 a6 26. Rb7 b5 27. axb5 axb5 28. Rxb5 Bc4 29. Rb7 Rd8 30. Bg4 h5 31. Bf3 Rd2 32.
Kg2 Bh6 33. Rb8+ Bf8 34. Ba3 Kf7 35. Rb7+ Kf6 36. Rc7 Bd6 37. Rc6 Bb5 38. Rb6 Bc4 39.
Bc1 Rc2 40. Be3 Be7 41. Rc6 Rxc3 42. Rc7 Bd6 43. Rc6 Ke7 44. Rb6 Rc2 45. Rb7+ Kf6 46. h4 Be5 47. Bg5# 1-0

[Event "Late-Titled-Tuesday-Blitz-April-16-2024"]
[Site "Chess.com"]
[Date "2024.04.16"]
[Round "1"]
[White "schachsensei_YT"]
[Black "soloderisas"]
[Result "0-1"]
[WhiteElo "2354"]
[BlackElo "2666"]
[TimeControl "180+1"]
[EndTime "14:07:49 PDT"]
[Termination "soloderisas won on time"]

1. Nf3 d5 2. g3 c6 3. Bg2 Bf5 4. O-O e6 5. d3 Nf6 6. Nbd2 h6 7. c4 Be7 8. a3 O-O 9. b4 a5 10. b5 cxb5 11. cxb5 Qb6 12. a4 Nbd7 13. Bb2 Rac8 14. Nb3 Bb4 15. Rc1 Rxc1 16. Qxc1 Qd6 17. Qa1 Re8 18. Ne5 Nb6 19. Rc1 Rc8 20. Rxc8+ Nxc8 21. Nf3 Qe7 22. Bd4 Ne8 23. Qc1 Qc7 24. Qxc7 Nxc7 25. Ne5 f6 26. Nd7 Kf7 27. e4 Bg6 28.
Ndc5 e5 29. Bb2 b6 30. Na6 Nxa6 31. bxa6 d4 32. Bh3 Na7 33. Bc1 Ke7 34. Nd2 Bxd2 35. Bxd2 Be8 36. Bc1 Bxa4 37. Ba3+ Ke8 38. Bd6 Bb5 39. Bc7 Bxa6 40. Bxb6 Nc6 41. Be6 Bxd3 42. Bd5 Bb5 43. f3 a4 44. Bc5 Ne7 45. Ba2 Kd7 46. Kf2 Nc8 47. h4 Nd6 48. h5 Bc4 49. Bxc4 Nxc4 50. Ke2 a3 0-1

[Event "Late-Titled-Tuesday-Blitz-April-16-2024"]
[Site "Chess.com"]
[Date "2024.04.16"]
[Round "1"]
[White "ekurtz"]
[Black "Vincefm"]
[Result "0-1"]
[WhiteElo "2597"]
[BlackElo "2402"]
[TimeControl "180+1"]
[EndTime "14:07:49 PDT"]
[Termination "Vincefm won by resignation"]

1. Nf3 Nf6 2. c4 e6 3. g3 d5 4.
Bg2 Be7 5. O-O O-O 6. b3 b6 7. Bb2 Bb7 8. e3 Nbd7 9. d4 Re8 10. Qe2 Bd6 11. Rd1 Qe7 12. Nc3 a6 13. a3 Rac8 14. h3 Ne4 15. Nxe4 dxe4 16. Nd2 f5 17. b4 c5 18. bxc5 bxc5 19. Nb3 cxd4 20. exd4 e5 21. d5 Nc5 22. Na5 Ba8 23. Bc3 Nd3 24. a4 Bc5 25.
Rf1 Bd4 26. Qd2 Qa7 27. d6 Nxf2 28. Bxd4 exd4 29. Qxf2 e3 30. Qe2 Bxg2 31. Kxg2 Rcd8 32. Rxf5 Rxd6 33. Raf1 d3 34. Qf3 Qa8 35. Qxa8 Rxa8 36. c5 e2 37. cxd6 d2 38. Rd5 e1=Q 39. Rxd2 Qxd2+ 40. Rf2 Qxd6 41. Kh2 Qc5 42. Rb2 Qxa5 43.
h4 Qc3 44. Rf2 Re8 45. a5 Qc6 46. Kh3 Qc5 47. Rf4 Qxa5 48. h5 Qxh5+ 49. Kg2 Re2+ 50. Kf1 Re8 51. Kg2 Qd5+ 52. Kh2 Re2+ 53. Kh3 Qd7+ 54. g4 Re3+ 55. Kh4 Qe7+ 56. g5 Re4 57. Rxe4 Qxe4+ 58. Kg3 Qf5 0-1

[Event "Late-Titled-Tuesday-Blitz-April-16-2024"]
[Site "Chess.com"]
[Date "2024.04.16"]
[Round "1"]
[White "KChor05"]
[Black "carlsenCamacho"]
[Result "1-0"]
[WhiteElo "2601"]
[BlackElo "2282"]
[TimeControl "180+1"]
[EndTime "14:07:50 PDT"]
[Termination "KChor05 won by resignation"]

1. e4 e5 2. Nf3 Nc6 3. d4 exd4 4.
Bc4 Bc5 5. Ng5 Nh6 6. Nxf7 Nxf7 7. Bxf7+ Kxf7 8. Qh5+ g6 9. Qxc5 d6 10. Qb5 Re8 11.
O-O Rxe4 12. c3 Re5 13. Qb3+ Be6 14. Qxb7 Qe8 15. Qxc7+ Kg8 16. Qxd6 Rd8 17. Qa3 Bc4 18. Bf4 Re1 19. Nd2 Bxf1 20. Rxe1 Qxe1 21. Nxf1 d3 22. Qb3+ Kg7 23. Qb7+ Ne7 24. Be3 Kf7 25. Qf3+ Nf5 26. Qb7+ Ne7 27. Qb3+ Ke8 28. Qb5+ Rd7 29. g3 Nf5 30. Qe5+ Re7 31. Qh8+ Kd7 32. Bg5 Rf7 33. Qd8+ Kc6 34. Qxd3 Nd6 35. Be3 Rf5 36. Bxa7 h5 37.
Qa6+ Kd7 38. Be3 h4 39. Kg2 h3+ 40. Kxh3 Rb5 41. Nd2 Rxb2 42. Qa4+ Ke6 43. Qd4 Rb5 44. Kg2 Rd5 45. Qg4+ Rf5 46. Nf3 Kf6 47. Nxe1 Nf7 48.
Bd4+ Ke6 49. Qxg6+ 1-0

[Event "Late-Titled-Tuesday-Blitz-April-16-2024"]
[Site "Chess.com"]
[Date "2024.04.16"]
[Round "1"]
[White "emeli_chess"]
[Black "Abund"]
[Result "1/2-1/2"]
[WhiteElo "2460"]
[BlackElo "2806"]
[TimeControl "180+1"]
[EndTime "14:07:52 PDT"]
[Termination "Game drawn by repetition"]

1. d4 d5 2. c4 e6 3. Nc3 Be7 4. cxd5 exd5 5. Nf3 c6 6. Bf4 Bf5 7. e3 Nd7 8. Bd3 Bxd3 9. Qxd3 Ngf6 10. O-O O-O 11. h3 Re8 12. Rab1 a5 13. Qc2 Bf8 14.
Bg5 Qb8 15. Bxf6 Nxf6 16. a3 Bd6 17. b4 axb4 18. axb4 b5 19. Ne1 Nd7 20. Nd3 Nb6 21. Nc5 Nc4 22. Ra1 Qc7 23. e4 Rxa1 24. Rxa1 Bxc5 25. dxc5 d4 26. Ne2 Qe5 27. Rd1 Rd8 28. f4 Qc7 29. Rxd4 Ra8 30. e5 g6 31. Kh2 Ra3 32. Rd3 Ra4 33. Qc3 Qc8 34. Ng3 Ra3 35. Qc2 Ra4 36. Qc3 Ra3 37. Qd4 Ra4 38. Qd8+ Qxd8 39. Rxd8+ Kg7 40. Ne4 Rxb4 41. Nf6 Rb2 42. Kg3 h5 43. h4 Ne3 44. Rg8+ Kh6 45. Rh8+ Kg7 46. Rg8+ Kh6 47. Rh8+ Kg7 48. Rg8+ 1/2-1/2

[Event "Late-Titled-Tuesday-Blitz-April-16-2024"]
[Site "Chess.com"]
[Date "2024.04.16"]
[Round "1"]
[White "hristos03"]
[Black "Aryan_Tamadon"]
[Result "0-1"]
[WhiteElo "2354"]
[BlackElo "2651"]
[TimeControl "180+1"]
[EndTime "14:07:53 PDT"]
[Termination "Aryan_Tamadon won on time"]

1. e4 d5 2. exd5 Qxd5 3. Nc3 Qd6 4. Nf3 Nf6 5. Bc4 Nc6 6. h3 a6 7. O-O Bf5 8. d3 e6 9. Bg5 O-O-O 10. a3 h6 11. Bh4 Nd4 12. Bg3 Nxf3+ 13. Qxf3 Qd4 14.
Rfe1 Bd6 15. Bxd6 Qxd6 16. b4 g5 17. b5 a5 18. Ne4 Nxe4 19. dxe4 Bg6 20. Qc3 b6 21.
Bd3 Qd4 22. Qb3 Qc5 23. Rad1 Rd4 24. c3 Rd6 25. Bf1 Rhd8 26. Rxd6 Rxd6 27. e5 Rd2 28. Re2 Rxe2 29. Bxe2 Qxe5 30. Qc4 Be4 31. Bd3 Bd5 32.
Qg4 Qe1+ 33. Kh2 Qxf2 34. c4 Bb7 35. Be4 f5 36. Bxb7+ Kxb7 37. Qd1 Qf4+ 38. Kh1 Qxc4 39. a4 e5 40. Qd7 Qxa4 41. Qc6+ Kb8 42. Qe8+ Ka7 43. Qc6 Qd1+ 44. Kh2 Qd6 45. Qe8 e4+ 46. Kh1 Qf4 47. Qc8 e3 48. Qe8 h5 49. Qc6 g4 50.
hxg4 hxg4 51. g3 Qf3+ 0-1

[Event "Late-Titled-Tuesday-Blitz-April-16-2024"]
[Site "Chess.com"]
[Date "2024.04.16"]
[Round "1"]
[White "th3d4rkness"]
[Black "biesiadnik"]
[Result "0-1"]
[WhiteElo "2136"]
[BlackElo "2549"]
[TimeControl "180+1"]
[EndTime "14:07:53 PDT"]
[Termination "biesiadnik won on time"]

1. e4 e6 2. d4 d5 3. e5 c5 4. c3 Nc6 5. Nf3 Bd7 6. a3 c4 7. Be2 Nge7 8. O-O Na5 9. Nbd2 Nc8 10.
Re1 Nb6 11. Bf1 Ba4 12. Qe2 Bc2 13. Qe3 h6 14. Be2 Qc7 15. Bd1 Bh7 16. h3 Be7 17.
Nh2 O-O-O 18. b4 cxb3 19. Nxb3 Nac4 20. Qg3 Rhg8 21. a4 Kb8 22. a5 Nc8 23. Be2 a6 24. Bxc4 Qxc4 25. Nd2 Qd3 26. Re3 Qc2 27. Nhf1 Na7 28.
Ba3 Bxa3 29. Rxa3 Nb5 30. Rb3 Rc8 31. Kh2 Bg6 32. f4 Ka8 33. Qf3 h5 34. Qe2 Rc6 35. Rxb5 axb5 36. Qxb5 Rgc8 37. Nb3 Qb2 38. Nfd2 Bc2 39.
Qb4 Bxb3 40. Nxb3 Rxc3 41. Rxc3 Qxc3 42. Qb6 Qc6 43. Nc5 Qxb6 44. axb6 Rc6 45. g4 hxg4 46. hxg4 Rxb6 47. f5 Rc6 48. Kg3 b6 49. Nd7 b5 50.
Kf4 b4 51. Nc5 g6 52. fxg6 fxg6 53. Ke3 Ka7 54. Kd3 Kb6 55. Nd7+ Kb5 0-1

[Event "Late-Titled-Tuesday-Blitz-April-16-2024"]
[Site "Chess.com"]
[Date "2024.04.16"]
[Round "1"]
[White "platy3"]
[Black "zsizsi99"]
[Result "1-0"]
[WhiteElo "2903"]
[BlackElo "2485"]
[TimeControl "180+1"]
[EndTime "14:07:54 PDT"]
[Termination "platy3 won by resignation"]

1. e4 c5 2. Nf3 Nc6 3. Bb5 d6 4. O-O Bd7 5. Re1 a6 6. Bf1 g6 7. h3 Bg7 8. c3 e5 9. d4 exd4 10. Bf4 Be6 11. Ng5 Nge7 12. Nxe6 fxe6 13. Qg4 e5 14. Bg5 Qc8 15. Qh4 h6 16. Bc1 Qe6 17. Nd2 Qf6 18. Qg3 O-O 19. Nc4 b5 20. Nb6 Ra7 21.
a4 Rb7 22. axb5 axb5 23. Nd5 Nxd5 24. exd5 Ne7 25. cxd4 cxd4 26. Bd3 g5 27. Be4 Rc8 28. Bd2 Rbc7 29. Ra6 Bf8 30. h4 Nf5 31. Qf3 Rf7 32. hxg5 hxg5 33. Qg4 Nh6 34. Qxg5+ Qxg5 35. Bxg5 Ng4 36.
Bh4 Nf6 37. Bg6 Rg7 38. Bf5 Nd7 39. Ra7 d3 40. Rd1 d2 41. Rxd7 Rc1 42. Rxg7+ Bxg7 43. Bg4 e4 44. Bg5 Bxb2 45. Bxd2 Rxd1+ 46. Bxd1 Kg7 47. Be2 Kf6 48. Bxb5 Ke5 49. Bc6 Bd4 50. Be3 Bc3 51.
g4 Ba5 52. Kg2 Bd8 53. Kg3 Bf6 54. g5 Bh8 55. Kg4 Bg7 56. Kh5 Kf5 57. Bd7+ Ke5 58.
Be6 Bh8 59. Kg6 Bf6 60. Kf7 Bd8 61. g6 Bf6 62. Bd4+ Kxd4 63. Kxf6 1-0

[Event "Late-Titled-Tuesday-Blitz-April-16-2024"]
[Site "Chess.com"]
[Date "2024.04.16"]
[Round "1"]
[White "dasatcu90"]
[Black "2Coaches1Profile"]
[Result "0-1"]
[WhiteElo "2172"]
[BlackElo "2556"]
[TimeControl "180+1"]
[EndTime "14:07:54 PDT"]
[Termination "2Coaches1Profile won on time"]

1. d4 Nf6 2. Nf3 c5 3. e3 g6 4. dxc5 Bg7 5. c3 O-O 6. b4 a5 7. Bb2 b6 8. cxb6 Qxb6 9. a3 Ne4 10. Bd3 Bb7 11. O-O d5 12. Bxe4 dxe4 13. Nd4 Nd7 14. Nd2 Ne5 15. Qb3 a4 16. Qc2 Ba6 17. Qxe4 Bd3 18.
Qh4 Bf6 19. Qh3 Bxf1 20. Rxf1 Rac8 21. Ne4 Bg7 22. Ng5 h6 23. Ngf3 Nd3 24. Ba1 e5 25. Ne2 f5 26. Nc1 Rfd8 27. Nxd3 Rxd3 28. c4 Rxc4 29. Bxe5 Rd5 30. Bxg7 Kxg7 31. Qg3 Qc7 32. Qxc7+ Rxc7 33. Nd4 Rc3 34. b5 Rxa3 35. Rb1 Rxd4 36.
exd4 Rb3 37. Ra1 Rxb5 38. g3 Rb4 39. Kf1 Rxd4 40. Ke2 Kf6 41. Ke3 Ke5 42. f4+ Kd5 43. Rc1 Rb4 44. Rc8 a3 45. Ra8 Rb3+ 46. Kf2 Kd4 47. Ra6 Kc3 48. Rxg6 a2 49. Ra6 Kb2 0-1

[Event "Late-Titled-Tuesday-Blitz-April-16-2024"]
[Site "Chess.com"]
[Date "2024.04.16"]
[Round "1"]
[White "KingCyber19"]
[Black "pfalcon1949"]
[Result "1-0"]
[WhiteElo "2541"]
[BlackElo "1956"]
[TimeControl "180+1"]
[EndTime "14:07:54 PDT"]
[Termination "KingCyber19 won by checkmate"]

1. d4 Nf6 2. c4 c5 3. d5 b5 4. cxb5 a6 5. bxa6 g6 6. Nc3 Bg7 7. Nf3 O-O 8. g3 d6 9. a7 Rxa7 10. Bg2 Na6 11. O-O Bf5 12. Bd2 Nb4 13. Nh4 Bd7 14.
a3 Na6 15. b4 cxb4 16. axb4 Qa8 17. Be3 Rb7 18. b5 Bxb5 19. Nxb5 Rxb5 20. Qa4 Nc7 21. Qc4 Qb8 22. Rfc1 Nfxd5 23. Ba7 Qb7 24. e4 Bxa1 25. Rxa1 Nb6 26. Bxb6 Qxb6 27. Nf3 Rb1+ 28. Rxb1 Qxb1+ 29. Bf1 Ne6 30. Kg2 Rb8 31. e5 Qb3 32. Qc6 dxe5 33. Bc4 Nd4 34. Nxd4 Qb7 35. Bd5 Qb2 36. Nf3 Rf8 37.
h4 e6 38. Bc4 Qc3 39. Ng5 Qd4 40. Ne4 Kg7 41. Be2 h5 42. Bf3 Rd8 43. Ng5 Qd6 44. Qa4 f6 45. Ne4 Qe7 46. Qc4 Rd7 47. Nc5 Rc7 48.
Nxe6+ Qxe6 49. Qxe6 Rf7 50. Bd5 Rf8 51. Qe7+ Kh6 52.
Qxf8+ Kh7 53. Qg8+ Kh6 54. Qh8# 1-0